Rangers vs Capitals
Created - 13 février 2017 at 19:50
Goals
|
| Rangers |
0 |
2 |
2 |
4 |
| Capitals |
1 |
4 |
1 |
6 |
|
Shots
|
| Rangers |
9 |
10 |
14 |
33 |
| Capitals |
10 |
25 |
7 |
42 |
|
1st period
1. Capitals , Tyler Seguin 7 (Jarome Iginla, Ondrej Palat) at 6:40
Penalties :
Henrik Lundqvist (NYR) for Slashing (Minor) at 8:37 - Nick Foligno served the penalty, Artem Anisimov (NYR) for Tripping (Minor) at 17:47
2nd period
2. Capitals , Tyler Seguin 8 (Jarome Iginla, Paul Martin) at 0:40
3. Capitals , Daniel Briere 15 (James Neal, Paul Martin) at 2:32 (PP)
4. Capitals , Jarome Iginla 21 (Tyler Seguin) at 8:19 (PP)
5. Rangers , Matt Read 8 (Chris Bourque, Valtteri Filppula) at 11:39
6. Capitals , Paul Martin 6 (Daniel Briere) at 13:51 (PP)
7. Rangers , Jakob Silfverberg 23 (Milan Lucic, Patrice Bergeron) at 16:13
Penalties :
Darren Reid (NYR) for Holding (Minor) at 1:01, Bryan Young (NYR) for Interference (Minor) at 8:18, Matt Greene (NYR) for Slashing (Minor) at 13:49, Jarome Iginla (Was) for Hooking (Minor) at 17:39
3rd period
8. Rangers , Milan Lucic 23 (Patrice Bergeron) at 2:23 (PP)
9. Rangers , Mark Fistric 3 (Mike Cammalleri, Stephen Weiss) at 4:02
10. Capitals , Joffrey Lupul 2 (Paul Martin, Jamie Langenbrunner) at 16:57
Penalties :
Tyler Seguin (Was) for Slashing (Minor) at 2:16, Darren Reid (NYR) for Roughing (Minor) at 9:32, Daniel Briere (Was) for Slashing (Minor) at 17:43
Goalie Stats
Henrik Lundqvist (NYR), 36 saves from 42 shots - (0,857), L, 16-9-1, 60:00 minutes
Ilya Bryzgalov (Was), 29 saves from 33 shots - (0,879), W, 7-7-2, 60:00 minutes
Players Stats for Rangers
Player Name G A P +/- PIM S H SB GA TA FO MP PP MP PK MP
------------------------------------------------------------------------------------
Artem Anisimov 0 0 0 -1 2 0 0 0 0 0 0/3 6:13 0:00 0:00
Bryan Young 0 0 0 1 2 0 0 0 0 0 0/0 10:47 0:00 0:00
Cam Barker 0 0 0 0 0 2 1 2 0 1 0/0 29:04 2:01 4:18
Chris Bourque 0 1 1 0 0 3 0 0 1 0 0/0 13:16 0:00 1:43
Darren Reid 0 0 0 0 4 1 2 0 0 0 1/3 19:08 2:18 0:00
Gustav Nyquist 0 0 0 -1 0 2 0 0 1 0 0/1 6:01 0:00 0:00
Jakob Silfverberg 1 0 1 1 0 2 1 0 1 1 1/1 14:58 1:47 0:00
Mark Fistric 1 0 1 0 0 5 2 2 0 0 0/0 29:04 2:01 4:18
Matt Greene 0 0 0 -1 2 0 0 1 1 0 0/0 20:07 2:04 3:13
Matt Read 1 0 1 0 0 2 0 0 0 0 0/0 11:33 0:00 0:00
Mike Cammalleri 0 1 1 1 0 2 1 1 0 1 0/0 18:29 1:47 2:57
Milan Lucic 1 1 2 0 0 8 0 1 1 0 4/7 23:20 2:18 3:57
Nick Foligno 0 0 0 -1 0 1 2 0 0 0 0/0 6:46 0:00 0:11
Patrice Bergeron 0 2 2 0 0 3 0 2 0 0 23/39 23:16 2:18 3:53
Ryan Suter 0 0 0 -1 0 1 3 2 0 1 0/0 20:08 2:04 3:13
Staffan Kronwall 0 0 0 1 0 0 2 1 0 2 0/0 10:48 0:00 0:00
Stephen Weiss 0 1 1 1 0 1 1 1 0 0 6/15 17:53 1:47 2:21
Valtteri Filppula 0 1 1 0 0 0 0 0 0 0 2/2 11:33 0:00 0:00
Players Stats for Capitals
Player Name G A P +/- PIM S H SB GA TA FO MP PP MP PK MP
------------------------------------------------------------------------------------
Daniel Briere 1 1 2 0 2 4 4 0 0 0 7/16 18:32 3:42 1:05
Erik Cole 0 0 0 -2 0 2 1 1 0 0 0/0 12:00 0:00 0:41
James Neal 0 1 1 0 0 3 2 0 2 1 0/1 18:10 3:42 0:29
Jamie Langenbrunner 0 1 1 1 0 0 1 0 0 1 0/0 11:50 0:25 2:02
Jarome Iginla 1 2 3 1 2 6 5 0 2 0 3/4 21:00 3:43 0:45
Jay Harrison 0 0 0 -1 0 1 2 1 0 1 0/0 11:01 0:00 0:06
Joffrey Lupul 1 0 1 1 0 1 0 0 0 0 0/0 7:32 0:00 0:00
Kris Russell 0 0 0 -1 0 0 0 1 0 1 0/0 10:47 0:00 0:06
Marek Zidlicky 0 0 0 1 0 2 2 1 0 0 0/0 24:39 4:23 2:21
Mark Giordano 0 0 0 0 0 1 3 3 0 1 0/0 24:20 3:08 1:38
Ondrej Palat 0 1 1 1 0 7 1 0 1 0 0/1 21:15 3:46 1:22
Paul Martin 1 3 4 0 0 4 0 2 0 0 0/0 29:18 4:23 2:21
Ryan Callahan 0 0 0 -2 0 2 0 1 0 0 0/0 8:34 0:06 0:00
Saku Koivu 0 0 0 1 0 0 0 0 0 0 1/2 7:32 0:00 0:00
Scottie Upshall 0 0 0 0 0 1 1 1 1 0 0/0 13:26 0:00 0:00
Sean Couturier 0 0 0 -2 0 3 0 0 0 0 3/5 15:15 3:26 1:22
Tyler Seguin 2 1 3 1 2 4 2 1 0 0 20/42 20:46 3:43 0:24
Zdeno Chara 0 0 0 1 0 1 2 0 0 0 0/0 19:55 3:08 1:38
3 Stars
1 - Tyler Seguin (Was)
2 - Paul Martin (Was)
3 - Jarome Iginla (Was)
Power Play
Rangers - 1 on 3 Attempt(s) - 33,33%
Capitals - 3 on 6 Attempt(s) - 50,00%
Penalty Kill
Rangers - 3 on 6 Attempt(s) - 50,00%
- Score 0 goal in Penalty Kill
Capitals - 2 on 3 Attempt(s) - 66,67%
- Score 0 goal in Penalty Kill
Team Stat
Rangers - Hits : 15 - Faceoff Wins : 37 - Blocked Shots : 13 - Penalty Minutes : 12
Capitals - Hits : 26 - Faceoff Wins : 34 - Blocked Shots : 12 - Penalty Minutes : 6
Official
Referees : O'Halloran Dan and Kimmerly Greg
Linesman : Pierre Champoux and Mark Pare
Game Notes
4:02 of 3rd period - Rangers goal is going for a video replay. After video review, Goal.
Ryan Callahan is injured at 5:51 of 3rd period (Sprained Right Ankle)
Finance
Level 1 -- Attendance: 6000 (100,00%) -- Ticket Income 462 000 $
Level 2 -- Attendance: 4824 (96,48%) -- Ticket Income 202 608 $
Level 3 -- Attendance: 1890 (94,50%) -- Ticket Income 51 030 $
Level 4 -- Attendance: 4000 (100,00%) -- Ticket Income 64 000 $
Luxury Box -- Attendance: 855 (85,50%) -- Ticket Income 139 365 $
Game was played at the Verizon Center.
Total Attendance: 17569 (97,61%)
Total Ticket Income: 919 003 $
Other Income: 137 850 $
Total Income: 1 056 853 $
Rangers
5 vs 5 Forward
Center Left Wing Right Wing Time % Phy DF OF
1 Patrice Bergeron Milan Lucic Darren Reid 40 1 2 2
2 Stephen Weiss Mike Cammalleri Jakob Silfverberg 30 1 2 2
3 Valtteri Filppula Chris Bourque Matt Read 20 1 2 2
4 Artem Anisimov Nick Foligno Gustav Nyquist 10 1 2 2
5 vs 5 Defense
Defense Defense Time % Phy DF OF
1 Cam Barker Mark Fistric 40 1 2 2
2 Matt Greene Ryan Suter 30 1 2 2
3 Staffan Kronwall Bryan Young 20 1 2 2
4 Cam Barker Mark Fistric 10 1 2 2
PowerPlay Forward
Center Left Wing Right Wing Time % Phy DF OF
1 Patrice Bergeron Milan Lucic Darren Reid 60 1 2 2
2 Stephen Weiss Mike Cammalleri Jakob Silfverberg 40 1 2 2
PowerPlay Defense
Defense Defense Time % Phy DF OF
1 Cam Barker Mark Fistric 60 1 2 2
2 Matt Greene Ryan Suter 40 1 2 2
Penalty Kill 4 Players Forward
Center Wing Time % Phy DF OF
1 Milan Lucic Patrice Bergeron 60 1 2 2
2 Stephen Weiss Mike Cammalleri 40 1 2 2
Penalty Kill 4 Players Defense
Defense Defense Time % Phy DF OF
1 Cam Barker Mark Fistric 60 1 2 2
2 Matt Greene Ryan Suter 40 1 2 2
Penalty Kill - 3 Players Forward
Forward Time % Phy DF OF
1 Milan Lucic 60 1 2 2
2 Patrice Bergeron 40 1 2 2
Penalty Kill - 3 Players Defense
Defense Defense Time % Phy DF OF
1 Cam Barker Mark Fistric 60 1 2 2
2 Matt Greene Ryan Suter 40 1 2 2
4 vs 4 Forward
Center Wing Time % Phy DF OF
1 Milan Lucic Patrice Bergeron 60 1 2 2
2 Stephen Weiss Mike Cammalleri 40 1 2 2
4 vs 4 Defense
Defense Defense Time % Phy DF OF
1 Cam Barker Mark Fistric 60 1 2 2
2 Matt Greene Ryan Suter 40 1 2 2
Last Minutes Offensive
Center Left Wing Right Wing Defense Defense
Patrice Bergeron Milan Lucic Darren Reid Cam Barker Mark Fistric
Last Minutes Defensive
Center Left Wing Right Wing Defense Defense
Patrice Bergeron Milan Lucic Darren Reid Cam Barker Mark Fistric
Goaltenders
Starting : Henrik Lundqvist
Backup : Hannu Toivonen
Extra Forwards
Normal : Matt Read, Valtteri Filppula, Chris Bourque - PP : Matt Read, Valtteri Filppula - PK : Chris Bourque
Extra Defensemen
Normal : Staffan Kronwall, Bryan Young, Matt Greene - PP : Staffan Kronwall - PK : Bryan Young, Matt Greene
Penalty Shots
Milan Lucic, Patrice Bergeron, Stephen Weiss, Mike Cammalleri, Darren Reid
Capitals
5 vs 5 Forward
Center Left Wing Right Wing Time % Phy DF OF
1 Tyler Seguin Ondrej Palat Jarome Iginla 40 1 2 2
2 Daniel Briere Scottie Upshall James Neal 30 1 2 2
3 Sean Couturier Erik Cole Ryan Callahan 20 1 2 2
4 Saku Koivu Joffrey Lupul Jamie Langenbrunner 10 1 2 2
5 vs 5 Defense
Defense Defense Time % Phy DF OF
1 Paul Martin Mark Giordano 40 1 2 2
2 Zdeno Chara Marek Zidlicky 30 1 2 2
3 Jay Harrison Kris Russell 20 1 2 2
4 Paul Martin Marek Zidlicky 10 1 2 2
PowerPlay Forward
Center Left Wing Right Wing Time % Phy DF OF
1 Tyler Seguin Ondrej Palat Jarome Iginla 60 1 2 2
2 Daniel Briere Sean Couturier James Neal 40 1 2 2
PowerPlay Defense
Defense Defense Time % Phy DF OF
1 Paul Martin Marek Zidlicky 60 1 2 2
2 Zdeno Chara Mark Giordano 40 1 2 2
Penalty Kill 4 Players Forward
Center Wing Time % Phy DF OF
1 Daniel Briere Jamie Langenbrunner 60 1 2 2
2 James Neal Erik Cole 40 1 2 2
Penalty Kill 4 Players Defense
Defense Defense Time % Phy DF OF
1 Paul Martin Marek Zidlicky 60 1 2 2
2 Zdeno Chara Mark Giordano 40 1 2 2
Penalty Kill - 3 Players Forward
Forward Time % Phy DF OF
1 Daniel Briere 60 1 2 2
2 Jarome Iginla 40 1 2 2
Penalty Kill - 3 Players Defense
Defense Defense Time % Phy DF OF
1 Paul Martin Marek Zidlicky 60 1 2 2
2 Zdeno Chara Mark Giordano 40 1 2 2
4 vs 4 Forward
Center Wing Time % Phy DF OF
1 Daniel Briere Jarome Iginla 60 1 2 2
2 James Neal Erik Cole 40 1 2 2
4 vs 4 Defense
Defense Defense Time % Phy DF OF
1 Paul Martin Marek Zidlicky 60 1 2 2
2 Zdeno Chara Mark Giordano 40 1 2 2
Last Minutes Offensive
Center Left Wing Right Wing Defense Defense
Daniel Briere Erik Cole Jarome Iginla Paul Martin Marek Zidlicky
Last Minutes Defensive
Center Left Wing Right Wing Defense Defense
Jamie Langenbrunner Erik Cole Jarome Iginla Paul Martin Marek Zidlicky
Goaltenders
Starting : Ilya Bryzgalov
Backup : Braden Holtby
Extra Forwards
Normal : Jamie Langenbrunner, Ryan Callahan, Tyler Seguin - PP : Jamie Langenbrunner, Ryan Callahan - PK : Jarome Iginla
Extra Defensemen
Normal : Jay Harrison, Kris Russell, Zdeno Chara - PP : Jay Harrison - PK : Kris Russell, Zdeno Chara
Penalty Shots
Ryan Callahan, Scottie Upshall, James Neal, Jarome Iginla, Joffrey Lupul
% Time on Ice - Rangers
Lines # - Real PCT - Wanted PCT - Time Play
Normal Forward
1 - 37% - 40% - 17:56
2 - 27% - 30% - 13:11
3 - 23% - 20% - 11:16
4 - 12% - 10% - 6:01
Normal Defense
1 - 41% - 40% - 19:49
2 - 31% - 30% - 14:51
3 - 22% - 20% - 10:48
4 - 6% - 10% - 2:56
PP Forward
1 - 56% - 60% - 2:18
2 - 44% - 40% - 1:47
PP Defense
1 - 49% - 60% - 2:01
2 - 51% - 40% - 2:04
PK Forward
1 - 73% - 60% - 5:30
2 - 27% - 40% - 2:01
PK Defense
1 - 57% - 60% - 4:18
2 - 43% - 40% - 3:13
PK3 Forward
1 - 0% - 60%
2 - 0% - 40%
PK3 Defense
1 - 0% - 60%
2 - 0% - 40%
44 Forward
1 - 0% - 60%
2 - 0% - 40%
44 Defense
1 - 0% - 60%
2 - 0% - 40%
Last Minute Offensive - 0:00
Last Minute Defensive - 0:00
Total
Forward - 60:00
Defense - 60:00
|
% Time on Ice - Capitals
Lines # - Real PCT - Wanted PCT - Time Play
Normal Forward
1 - 34% - 40% - 16:24
2 - 28% - 30% - 13:47
3 - 22% - 20% - 10:41
4 - 16% - 10% - 7:32
Normal Defense
1 - 43% - 40% - 20:45
2 - 29% - 30% - 14:06
3 - 21% - 20% - 10:20
4 - 7% - 10% - 3:13
PP Forward
1 - 51% - 60% - 3:49
2 - 49% - 40% - 3:42
PP Defense
1 - 58% - 60% - 4:23
2 - 42% - 40% - 3:08
PK Forward
1 - 88% - 60% - 3:36
2 - 12% - 40% - 0:29
PK Defense
1 - 60% - 60% - 2:27
2 - 40% - 40% - 1:38
PK3 Forward
1 - 0% - 60%
2 - 0% - 40%
PK3 Defense
1 - 0% - 60%
2 - 0% - 40%
44 Forward
1 - 0% - 60%
2 - 0% - 40%
44 Defense
1 - 0% - 60%
2 - 0% - 40%
Last Minute Offensive - 0:00
Last Minute Defensive - 0:00
Total
Forward - 60:00
Defense - 60:00
|
Play by Play
1st period
0:01 of 1st period - Patrice Bergeron wins face-off versus Jarome Iginla in neutral zone.
0:12 of 1st period - Cam Barker is hit by Tyler Seguin and loses puck.
0:25 of 1st period - Scottie Upshall is hit by Mike Cammalleri.
0:34 of 1st period - Matt Greene is hit by Daniel Briere and loses puck.
1:15 of 1st period - Wrist shot by Gustav Nyquist.
1:15 of 1st period - Stopped by Ilya Bryzgalov without a rebound.
1:16 of 1st period - Patrice Bergeron wins face-off versus Tyler Seguin in Capitals zone.
1:19 of 1st period - Wrist shot by Milan Lucic.
1:19 of 1st period - Stopped by Ilya Bryzgalov with a rebound.
1:21 of 1st period - Backhand shot by Cam Barker.
1:21 of 1st period - Shot Misses the Net.
1:23 of 1st period - Slapshot by Cam Barker.
1:23 of 1st period - Shot Blocked by Jay Harrison.
1:25 of 1st period - Wrist shot by Darren Reid.
1:25 of 1st period - Shot Misses the Net.
1:27 of 1st period - Snap shot by Darren Reid.
1:27 of 1st period - Shot Misses the Net.
1:29 of 1st period - Slapshot by Mark Fistric.
1:29 of 1st period - Shot Hit the Post.
1:55 of 1st period - Mark Fistric is hit by James Neal and loses puck.
2:12 of 1st period - Slapshot by Paul Martin.
2:12 of 1st period - Stopped by Henrik Lundqvist with a rebound.
2:58 of 1st period - Snap shot by Jarome Iginla.
2:58 of 1st period - Stopped by Henrik Lundqvist with a rebound.
3:40 of 1st period - Snap shot by Ryan Callahan.
3:40 of 1st period - Shot Misses the Net.
4:41 of 1st period - Snap shot by James Neal.
4:41 of 1st period - Shot Hit the Post.
4:43 of 1st period - Slapshot by Jay Harrison.
4:43 of 1st period - Shot Blocked by Cam Barker.
4:56 of 1st period - Icing by Milan Lucic.
4:57 of 1st period - Sean Couturier wins face-off versus Patrice Bergeron in Rangers zone.
5:22 of 1st period - Snap shot by Chris Bourque.
5:22 of 1st period - Stopped by Ilya Bryzgalov with a rebound.
5:57 of 1st period - Snap shot by Jarome Iginla.
5:57 of 1st period - Stopped by Henrik Lundqvist with a rebound.
5:59 of 1st period - Wrist shot by Jarome Iginla.
5:59 of 1st period - Shot Misses the Net.
6:01 of 1st period - Slapshot by Paul Martin.
6:01 of 1st period - Shot Misses the Net.
6:24 of 1st period - Snap shot by Milan Lucic.
6:24 of 1st period - Stopped by Ilya Bryzgalov with a rebound.
6:34 of 1st period - Snap shot by Daniel Briere.
6:34 of 1st period - Stopped by Henrik Lundqvist without a rebound.
6:35 of 1st period - Tyler Seguin wins face-off versus Artem Anisimov in Rangers zone.
6:38 of 1st period - Snap shot by Ondrej Palat.
6:38 of 1st period - Stopped by Henrik Lundqvist with a rebound.
6:40 of 1st period - Wrist shot by Jarome Iginla.
6:40 of 1st period - Deflect By Tyler Seguin.
6:40 of 1st period - Goal by Tyler Seguin - Rangers : 0 - Capitals : 1.
6:41 of 1st period - Patrice Bergeron wins face-off versus Tyler Seguin in neutral zone.
7:06 of 1st period - Mark Fistric is hit by Zdeno Chara and loses puck.
7:19 of 1st period - Snap shot by Daniel Briere.
7:19 of 1st period - Shot Blocked by Cam Barker.
8:28 of 1st period - Matt Greene is hit by Erik Cole and loses puck.
8:37 of 1st period - Slapshot by Erik Cole.
8:37 of 1st period - Stopped by Henrik Lundqvist without a rebound.
8:37 of 1st period - Minor Penalty to Henrik Lundqvist for Slashing.
8:38 of 1st period - Milan Lucic wins face-off versus Tyler Seguin in Rangers zone.
9:30 of 1st period - Patrice Bergeron is hit by Tyler Seguin and loses puck.
10:37 of 1st period - Penalty to Nick Foligno is over, Nick Foligno is back on ice.
11:55 of 1st period - Cam Barker is hit by Jamie Langenbrunner and loses puck.
13:02 of 1st period - Wrist shot by Valtteri Filppula.
13:02 of 1st period - Shot Misses the Net.
13:24 of 1st period - Slapshot by Chris Bourque.
13:24 of 1st period - Stopped by Ilya Bryzgalov with a rebound.
13:26 of 1st period - Snap shot by Matt Read.
13:26 of 1st period - Stopped by Ilya Bryzgalov with a rebound.
13:28 of 1st period - Slapshot by Mark Fistric.
13:28 of 1st period - Shot Blocked by Mark Giordano.
13:30 of 1st period - Slapshot by Mark Fistric.
13:30 of 1st period - Stopped by Ilya Bryzgalov with a rebound.
13:32 of 1st period - Slapshot by Mark Fistric.
13:32 of 1st period - Stopped by Ilya Bryzgalov without a rebound.
13:33 of 1st period - Tyler Seguin wins face-off versus Patrice Bergeron in Capitals zone.
13:37 of 1st period - Icing by Jarome Iginla.
13:38 of 1st period - Patrice Bergeron wins face-off versus Tyler Seguin in Capitals zone.
13:45 of 1st period - Snap shot by Milan Lucic.
13:45 of 1st period - Deflect By Jarome Iginla.
13:45 of 1st period - Stopped by Ilya Bryzgalov without a rebound.
13:46 of 1st period - Tyler Seguin wins face-off versus Stephen Weiss in Capitals zone.
14:03 of 1st period - Matt Greene is hit by Jarome Iginla and loses puck.
14:27 of 1st period - Ondrej Palat is hit by Staffan Kronwall and loses puck.
14:47 of 1st period - Slapshot by Patrice Bergeron.
14:47 of 1st period - Shot Blocked by Mark Giordano.
15:03 of 1st period - Snap shot by Daniel Briere.
15:03 of 1st period - Stopped by Henrik Lundqvist with a rebound.
15:05 of 1st period - Wrist shot by Scottie Upshall.
15:05 of 1st period - Shot Blocked by Ryan Suter.
15:07 of 1st period - Wrist shot by Scottie Upshall.
15:07 of 1st period - Stopped by Henrik Lundqvist with a rebound.
15:27 of 1st period - Snap shot by Ryan Callahan.
15:27 of 1st period - Deflect By Sean Couturier.
15:27 of 1st period - Stopped by Henrik Lundqvist without a rebound.
15:28 of 1st period - Patrice Bergeron wins face-off versus Daniel Briere in Rangers zone.
15:53 of 1st period - Erik Cole is hit by Nick Foligno and loses puck.
16:19 of 1st period - Snap shot by Paul Martin.
16:19 of 1st period - Deflect By Joffrey Lupul.
16:19 of 1st period - Shot Misses the Net.
16:19 of 1st period - Puck is out of play.
16:20 of 1st period - Saku Koivu wins face-off versus Patrice Bergeron in Rangers zone.
16:31 of 1st period - Slapshot by Patrice Bergeron.
16:31 of 1st period - Shot Misses the Net.
16:35 of 1st period - Backhand shot by Milan Lucic.
16:35 of 1st period - Shot Misses the Net.
17:38 of 1st period - Off-side.
17:39 of 1st period - Jarome Iginla wins face-off versus Artem Anisimov in neutral zone.
17:47 of 1st period - Minor Penalty to Artem Anisimov for Tripping.
17:48 of 1st period - Milan Lucic wins face-off versus Ondrej Palat in Rangers zone.
19:47 of 1st period - Penalty to Artem Anisimov is over, Artem Anisimov is back on ice.
19:55 of 1st period - Snap shot by Milan Lucic.
19:55 of 1st period - Shot Misses the Net.
Goals for this period are 0 for Rangers vs 1 for Capitals.
Shots for this period are 9 for Rangers vs 10 for Capitals.
2nd period
0:01 of 2nd period - Patrice Bergeron wins face-off versus Tyler Seguin in neutral zone.
0:31 of 2nd period - Snap shot by James Neal.
0:31 of 2nd period - Stopped by Henrik Lundqvist with a rebound.
0:34 of 2nd period - Icing by Mark Fistric.
0:35 of 2nd period - Tyler Seguin wins face-off versus Stephen Weiss in Rangers zone.
0:40 of 2nd period - Wrist shot by Jarome Iginla.
0:40 of 2nd period - Deflect By Tyler Seguin.
0:40 of 2nd period - Goal by Tyler Seguin - Rangers : 0 - Capitals : 2.
0:41 of 2nd period - Tyler Seguin wins face-off versus Patrice Bergeron in neutral zone.
0:47 of 2nd period - Off-side.
0:48 of 2nd period - Patrice Bergeron wins face-off versus Tyler Seguin in neutral zone.
1:01 of 2nd period - Minor Penalty to Darren Reid for Holding.
1:02 of 2nd period - Milan Lucic wins face-off versus Tyler Seguin in Rangers zone.
1:12 of 2nd period - Mark Fistric is hit by Marek Zidlicky and loses puck.
1:46 of 2nd period - Off-side.
1:47 of 2nd period - Tyler Seguin wins face-off versus Stephen Weiss in neutral zone.
2:12 of 2nd period - Snap shot by James Neal.
2:12 of 2nd period - Stopped by Henrik Lundqvist with a rebound.
2:14 of 2nd period - Slapshot by James Neal.
2:14 of 2nd period - Stopped by Henrik Lundqvist without a rebound.
2:15 of 2nd period - Milan Lucic wins face-off versus James Neal in Rangers zone.
2:32 of 2nd period - Wrist shot by Daniel Briere.
2:32 of 2nd period - Goal by Daniel Briere - Rangers : 0 - Capitals : 3.
2:33 of 2nd period - Darren Reid wins face-off versus Tyler Seguin in neutral zone.
2:48 of 2nd period - Wrist shot by Milan Lucic.
2:48 of 2nd period - Shot Blocked by Paul Martin.
3:23 of 2nd period - Snap shot by Erik Cole.
3:23 of 2nd period - Stopped by Henrik Lundqvist without a rebound.
3:24 of 2nd period - Valtteri Filppula wins face-off versus Sean Couturier in Rangers zone.
3:28 of 2nd period - Off-side.
3:29 of 2nd period - Patrice Bergeron wins face-off versus Tyler Seguin in neutral zone.
3:38 of 2nd period - Snap shot by Milan Lucic.
3:38 of 2nd period - Shot Blocked by Tyler Seguin.
3:40 of 2nd period - Snap shot by Milan Lucic.
3:40 of 2nd period - Shot Misses the Net.
3:42 of 2nd period - Backhand shot by Mark Fistric.
3:42 of 2nd period - Stopped by Ilya Bryzgalov with a rebound.
3:44 of 2nd period - Wrist shot by Milan Lucic.
3:44 of 2nd period - Stopped by Ilya Bryzgalov without a rebound.
3:45 of 2nd period - Stephen Weiss wins face-off versus Daniel Briere in Capitals zone.
3:51 of 2nd period - Paul Martin is hit by Mark Fistric and loses puck.
3:54 of 2nd period - Slapshot by Paul Martin.
3:54 of 2nd period - Stopped by Henrik Lundqvist with a rebound.
3:56 of 2nd period - Slapshot by Paul Martin.
3:56 of 2nd period - Stopped by Henrik Lundqvist without a rebound.
3:57 of 2nd period - Patrice Bergeron wins face-off versus Tyler Seguin in Rangers zone.
4:14 of 2nd period - Darren Reid is hit by Jarome Iginla and loses puck.
4:35 of 2nd period - Backhand shot by Ryan Callahan.
4:35 of 2nd period - Stopped by Henrik Lundqvist without a rebound.
4:36 of 2nd period - Jakob Silfverberg wins face-off versus Daniel Briere in Rangers zone.
4:36 of 2nd period - Jakob Silfverberg is hit by Scottie Upshall.
4:54 of 2nd period - Paul Martin is hit by Ryan Suter.
5:31 of 2nd period - Wrist shot by Ryan Callahan.
5:31 of 2nd period - Shot Misses the Net.
5:33 of 2nd period - Wrist shot by Ryan Callahan.
5:33 of 2nd period - Stopped by Henrik Lundqvist with a rebound.
6:05 of 2nd period - Jakob Silfverberg is hit by Daniel Briere and loses puck.
6:13 of 2nd period - Icing by Jakob Silfverberg.
6:14 of 2nd period - Stephen Weiss wins face-off versus Tyler Seguin in Rangers zone.
6:14 of 2nd period - Stephen Weiss is hit by Jarome Iginla.
6:20 of 2nd period - Slapshot by Ondrej Palat.
6:20 of 2nd period - Stopped by Henrik Lundqvist without a rebound.
6:21 of 2nd period - Patrice Bergeron wins face-off versus Tyler Seguin in Rangers zone.
6:32 of 2nd period - Darren Reid is hit by Jarome Iginla and loses puck.
6:47 of 2nd period - Cam Barker is hit by Daniel Briere and loses puck.
7:22 of 2nd period - Snap shot by Daniel Briere.
7:22 of 2nd period - Shot Misses the Net.
7:24 of 2nd period - Slapshot by Jay Harrison.
7:24 of 2nd period - Stopped by Henrik Lundqvist without a rebound.
7:25 of 2nd period - Patrice Bergeron wins face-off versus Tyler Seguin in Rangers zone.
8:05 of 2nd period - Slapshot by Jarome Iginla.
8:05 of 2nd period - Stopped by Henrik Lundqvist without a rebound.
8:06 of 2nd period - Daniel Briere wins face-off versus Stephen Weiss in Rangers zone.
8:18 of 2nd period - Minor Penalty to Bryan Young for Interference.
8:19 of 2nd period - Tyler Seguin wins face-off versus Milan Lucic in Rangers zone.
8:19 of 2nd period - Wrist shot by Jarome Iginla.
8:19 of 2nd period - Goal by Jarome Iginla - Rangers : 0 - Capitals : 4.
8:20 of 2nd period - Patrice Bergeron wins face-off versus Tyler Seguin in neutral zone.
8:23 of 2nd period - Tyler Seguin is hit by Darren Reid and loses puck.
8:34 of 2nd period - Snap shot by Jarome Iginla.
8:34 of 2nd period - Shot Blocked by Milan Lucic.
8:36 of 2nd period - Wrist shot by Ondrej Palat.
8:36 of 2nd period - Stopped by Henrik Lundqvist without a rebound.
8:37 of 2nd period - Stephen Weiss wins face-off versus Daniel Briere in Rangers zone.
8:55 of 2nd period - Icing by Daniel Briere.
8:56 of 2nd period - Daniel Briere wins face-off versus Darren Reid in Capitals zone.
9:30 of 2nd period - Off-side.
9:31 of 2nd period - Tyler Seguin wins face-off versus Darren Reid in neutral zone.
10:03 of 2nd period - Zdeno Chara is hit by Jakob Silfverberg and loses puck.
10:22 of 2nd period - Slapshot by Joffrey Lupul.
10:22 of 2nd period - Shot Misses the Net.
10:56 of 2nd period - Daniel Briere is hit by Staffan Kronwall.
11:19 of 2nd period - Snap shot by Chris Bourque.
11:19 of 2nd period - Stopped by Ilya Bryzgalov with a rebound.
11:21 of 2nd period - Snap shot by Matt Read.
11:21 of 2nd period - Shot Misses the Net.
11:37 of 2nd period - Snap shot by Matt Read.
11:37 of 2nd period - Shot Misses the Net.
11:39 of 2nd period - Snap shot by Matt Read.
11:39 of 2nd period - Goal by Matt Read - Rangers : 1 - Capitals : 4.
11:40 of 2nd period - Patrice Bergeron wins face-off versus Tyler Seguin in neutral zone.
12:22 of 2nd period - Wrist shot by Patrice Bergeron.
12:22 of 2nd period - Stopped by Ilya Bryzgalov with a rebound.
12:34 of 2nd period - Snap shot by James Neal.
12:34 of 2nd period - Shot Blocked by Patrice Bergeron.
12:36 of 2nd period - Slapshot by Zdeno Chara.
12:36 of 2nd period - Stopped by Henrik Lundqvist with a rebound.
12:38 of 2nd period - Wrist shot by Marek Zidlicky.
12:38 of 2nd period - Stopped by Henrik Lundqvist with a rebound.
12:40 of 2nd period - Snap shot by James Neal.
12:40 of 2nd period - Shot Misses the Net.
12:42 of 2nd period - Snap shot by Marek Zidlicky.
12:42 of 2nd period - Stopped by Henrik Lundqvist without a rebound.
12:43 of 2nd period - Tyler Seguin wins face-off versus Stephen Weiss in Rangers zone.
12:52 of 2nd period - Wrist shot by Stephen Weiss.
12:52 of 2nd period - Deflect By Jakob Silfverberg.
12:52 of 2nd period - Shot Misses the Net.
12:52 of 2nd period - Puck is out of play.
12:53 of 2nd period - Tyler Seguin wins face-off versus Stephen Weiss in Capitals zone.
13:37 of 2nd period - Slapshot by Stephen Weiss.
13:37 of 2nd period - Shot Misses the Net.
13:39 of 2nd period - Slapshot by Cam Barker.
13:39 of 2nd period - Stopped by Ilya Bryzgalov without a rebound.
13:40 of 2nd period - Daniel Briere wins face-off versus Patrice Bergeron in Capitals zone.
13:47 of 2nd period - Wrist shot by Daniel Briere.
13:47 of 2nd period - Shot Blocked by Ryan Suter.
13:49 of 2nd period - Minor Penalty to Matt Greene for Slashing.
13:50 of 2nd period - Daniel Briere wins face-off versus Milan Lucic in Rangers zone.
13:51 of 2nd period - Slapshot by Paul Martin.
13:51 of 2nd period - Goal by Paul Martin - Rangers : 1 - Capitals : 5.
13:52 of 2nd period - Patrice Bergeron wins face-off versus Tyler Seguin in neutral zone.
13:52 of 2nd period - Milan Lucic is hit by Mark Giordano and loses puck.
14:00 of 2nd period - Icing by Mark Giordano.
14:01 of 2nd period - Patrice Bergeron wins face-off versus Tyler Seguin in Capitals zone.
14:06 of 2nd period - Snap shot by Patrice Bergeron.
14:06 of 2nd period - Stopped by Ilya Bryzgalov without a rebound.
14:07 of 2nd period - Patrice Bergeron wins face-off versus Tyler Seguin in Capitals zone.
14:19 of 2nd period - Snap shot by Jarome Iginla.
14:19 of 2nd period - Deflect By Ondrej Palat.
14:19 of 2nd period - Stopped by Henrik Lundqvist with a rebound.
14:21 of 2nd period - Snap shot by Tyler Seguin.
14:21 of 2nd period - Shot Blocked by Patrice Bergeron.
14:23 of 2nd period - Snap shot by Ondrej Palat.
14:23 of 2nd period - Deflect By Jarome Iginla.
14:23 of 2nd period - Stopped by Henrik Lundqvist with a rebound.
15:31 of 2nd period - Scottie Upshall is hit by Ryan Suter and loses puck.
15:38 of 2nd period - Wrist shot by Valtteri Filppula.
15:38 of 2nd period - Deflect By Chris Bourque.
15:38 of 2nd period - Shot Blocked by Marek Zidlicky.
15:38 of 2nd period - Puck is out of play.
15:39 of 2nd period - Tyler Seguin wins face-off versus Patrice Bergeron in Capitals zone.
15:39 of 2nd period - Tyler Seguin is hit by Mark Fistric.
16:13 of 2nd period - Snap shot by Jakob Silfverberg.
16:13 of 2nd period - Goal by Jakob Silfverberg - Rangers : 2 - Capitals : 5.
16:14 of 2nd period - Tyler Seguin wins face-off versus Patrice Bergeron in neutral zone.
16:25 of 2nd period - Wrist shot by Ondrej Palat.
16:25 of 2nd period - Shot Blocked by Mark Fistric.
16:27 of 2nd period - Wrist shot by Jarome Iginla.
16:27 of 2nd period - Shot Misses the Net.
16:52 of 2nd period - Backhand shot by Cam Barker.
16:52 of 2nd period - Shot Misses the Net.
17:02 of 2nd period - Gustav Nyquist is hit by Mark Giordano and loses puck.
17:39 of 2nd period - Minor Penalty to Jarome Iginla for Hooking.
17:40 of 2nd period - Patrice Bergeron wins face-off versus Daniel Briere in Capitals zone.
17:51 of 2nd period - Slapshot by Cam Barker.
17:51 of 2nd period - Stopped by Ilya Bryzgalov with a rebound.
17:53 of 2nd period - Wrist shot by Darren Reid.
17:53 of 2nd period - Stopped by Ilya Bryzgalov with a rebound.
17:55 of 2nd period - Snap shot by Darren Reid.
17:55 of 2nd period - Shot Misses the Net.
18:35 of 2nd period - Ryan Suter is hit by Marek Zidlicky and loses puck.
18:52 of 2nd period - Mike Cammalleri is hit by Mark Giordano and loses puck.
18:57 of 2nd period - Slapshot by Ondrej Palat.
18:57 of 2nd period - Stopped by Henrik Lundqvist with a rebound.
18:59 of 2nd period - Slapshot by Mark Giordano.
18:59 of 2nd period - Stopped by Henrik Lundqvist with a rebound.
19:01 of 2nd period - Slapshot by Sean Couturier.
19:01 of 2nd period - Stopped by Henrik Lundqvist with a rebound.
19:03 of 2nd period - Slapshot by Ondrej Palat.
19:03 of 2nd period - Deflect By Sean Couturier.
19:03 of 2nd period - Stopped by Henrik Lundqvist with a rebound.
19:05 of 2nd period - Snap shot by Ondrej Palat.
19:05 of 2nd period - Shot Blocked by Stephen Weiss.
19:39 of 2nd period - Penalty to Jarome Iginla is over, Jarome Iginla is back on ice.
Goals for this period are 2 for Rangers vs 4 for Capitals.
Shots for this period are 10 for Rangers vs 25 for Capitals.
3rd period
0:01 of 3rd period - Tyler Seguin wins face-off versus Patrice Bergeron in neutral zone.
0:14 of 3rd period - Wrist shot by Jarome Iginla.
0:14 of 3rd period - Stopped by Henrik Lundqvist without a rebound.
0:15 of 3rd period - Daniel Briere wins face-off versus Stephen Weiss in Rangers zone.
0:42 of 3rd period - Darren Reid is hit by Ondrej Palat and loses puck.
1:10 of 3rd period - Snap shot by Gustav Nyquist.
1:10 of 3rd period - Shot Blocked by Erik Cole.
1:42 of 3rd period - Daniel Briere is hit by Ryan Suter and loses puck.
1:51 of 3rd period - Wrist shot by Mike Cammalleri.
1:51 of 3rd period - Stopped by Ilya Bryzgalov with a rebound.
1:53 of 3rd period - Snap shot by Staffan Kronwall.
1:53 of 3rd period - Shot Blocked by Scottie Upshall.
1:55 of 3rd period - Snap shot by Jakob Silfverberg.
1:55 of 3rd period - Stopped by Ilya Bryzgalov with a rebound.
2:13 of 3rd period - Snap shot by Nick Foligno.
2:13 of 3rd period - Deflect By James Neal.
2:13 of 3rd period - Shot Blocked by Kris Russell.
2:13 of 3rd period - Puck is out of play.
2:14 of 3rd period - Tyler Seguin wins face-off versus Patrice Bergeron in Capitals zone.
2:16 of 3rd period - Minor Penalty to Tyler Seguin for Slashing.
2:17 of 3rd period - Patrice Bergeron wins face-off versus Daniel Briere in Capitals zone.
2:23 of 3rd period - Slapshot by Milan Lucic.
2:23 of 3rd period - Goal by Milan Lucic - Rangers : 3 - Capitals : 5.
2:24 of 3rd period - Tyler Seguin wins face-off versus Patrice Bergeron in neutral zone.
2:27 of 3rd period - Wrist shot by Ondrej Palat.
2:27 of 3rd period - Stopped by Henrik Lundqvist with a rebound.
2:49 of 3rd period - Jarome Iginla is hit by Cam Barker and loses puck.
2:56 of 3rd period - Wrist shot by Nick Foligno.
2:56 of 3rd period - Stopped by Ilya Bryzgalov without a rebound.
2:57 of 3rd period - Patrice Bergeron wins face-off versus Daniel Briere in Capitals zone.
3:26 of 3rd period - Snap shot by Saku Koivu.
3:26 of 3rd period - Shot Misses the Net.
3:44 of 3rd period - Wrist shot by Stephen Weiss.
3:44 of 3rd period - Stopped by Ilya Bryzgalov without a rebound.
3:45 of 3rd period - Sean Couturier wins face-off versus Stephen Weiss in Capitals zone.
3:54 of 3rd period - Wrist shot by Jakob Silfverberg.
3:54 of 3rd period - Shot Misses the Net.
3:56 of 3rd period - Slapshot by Mark Fistric.
3:56 of 3rd period - Stopped by Ilya Bryzgalov without a rebound.
3:57 of 3rd period - Stephen Weiss wins face-off versus Tyler Seguin in Capitals zone.
4:00 of 3rd period - Wrist shot by Mike Cammalleri.
4:00 of 3rd period - Stopped by Ilya Bryzgalov with a rebound.
4:02 of 3rd period - Slapshot by Mark Fistric.
4:02 of 3rd period - Rangers goal is going for a video replay.
4:02 of 3rd period - The goal is good.
4:02 of 3rd period - Goal by Mark Fistric - Rangers : 4 - Capitals : 5.
4:03 of 3rd period - Patrice Bergeron wins face-off versus Tyler Seguin in neutral zone.
4:13 of 3rd period - Snap shot by Patrice Bergeron.
4:13 of 3rd period - Stopped by Ilya Bryzgalov without a rebound.
4:14 of 3rd period - Tyler Seguin wins face-off versus Patrice Bergeron in Capitals zone.
4:19 of 3rd period - Cam Barker is hit by Jarome Iginla and loses puck.
4:46 of 3rd period - Stephen Weiss is hit by Daniel Briere and loses puck.
5:51 of 3rd period - Wrist shot by Milan Lucic.
5:51 of 3rd period - Shot Blocked by Ryan Callahan.
5:51 of 3rd period - Ryan Callahan from Capitals is injured at 5:51 of 3rd period (Sprained Right Ankle).
5:52 of 3rd period - Patrice Bergeron wins face-off versus Tyler Seguin in Capitals zone.
6:04 of 3rd period - Icing by Cam Barker.
6:05 of 3rd period - Tyler Seguin wins face-off versus Patrice Bergeron in Rangers zone.
6:08 of 3rd period - Wrist shot by Tyler Seguin.
6:08 of 3rd period - Stopped by Henrik Lundqvist without a rebound.
6:09 of 3rd period - Tyler Seguin wins face-off versus Stephen Weiss in Rangers zone.
6:22 of 3rd period - Snap shot by Jarome Iginla.
6:22 of 3rd period - Deflect By Ondrej Palat.
6:22 of 3rd period - Stopped by Henrik Lundqvist with a rebound.
6:24 of 3rd period - Slapshot by Marek Zidlicky.
6:24 of 3rd period - Shot Blocked by Mike Cammalleri.
6:41 of 3rd period - Off-side.
6:42 of 3rd period - Tyler Seguin wins face-off versus Patrice Bergeron in neutral zone.
7:00 of 3rd period - Snap shot by Patrice Bergeron.
7:00 of 3rd period - Shot Blocked by Mark Giordano.
7:02 of 3rd period - Slapshot by Matt Greene.
7:02 of 3rd period - Shot Blocked by Paul Martin.
7:04 of 3rd period - Snap shot by Ryan Suter.
7:04 of 3rd period - Stopped by Ilya Bryzgalov with a rebound.
7:16 of 3rd period - Slapshot by Ondrej Palat.
7:16 of 3rd period - Shot Misses the Net.
7:18 of 3rd period - Wrist shot by Paul Martin.
7:18 of 3rd period - Shot Misses the Net.
7:20 of 3rd period - Snap shot by Jarome Iginla.
7:20 of 3rd period - Shot Blocked by Staffan Kronwall.
7:22 of 3rd period - Wrist shot by Tyler Seguin.
7:22 of 3rd period - Stopped by Henrik Lundqvist without a rebound.
7:23 of 3rd period - Stephen Weiss wins face-off versus Daniel Briere in Rangers zone.
7:23 of 3rd period - Stephen Weiss is hit by Zdeno Chara.
8:18 of 3rd period - Icing by Matt Greene.
8:19 of 3rd period - Jarome Iginla wins face-off versus Gustav Nyquist in Rangers zone.
8:43 of 3rd period - Off-side.
8:44 of 3rd period - Stephen Weiss wins face-off versus Daniel Briere in neutral zone.
8:52 of 3rd period - Snap shot by Stephen Weiss.
8:52 of 3rd period - Shot Misses the Net.
9:14 of 3rd period - Icing by James Neal.
9:15 of 3rd period - Daniel Briere wins face-off versus Patrice Bergeron in Capitals zone.
9:15 of 3rd period - Daniel Briere is hit by Darren Reid.
9:21 of 3rd period - Wrist shot by Patrice Bergeron.
9:21 of 3rd period - Shot Misses the Net.
9:32 of 3rd period - Minor Penalty to Darren Reid for Roughing.
9:33 of 3rd period - Tyler Seguin wins face-off versus Milan Lucic in Rangers zone.
11:09 of 3rd period - Marek Zidlicky is hit by Stephen Weiss and loses puck.
11:16 of 3rd period - Stephen Weiss is hit by James Neal and loses puck.
11:32 of 3rd period - Penalty to Darren Reid is over, Darren Reid is back on ice.
12:19 of 3rd period - Wrist shot by Gustav Nyquist.
12:19 of 3rd period - Stopped by Ilya Bryzgalov without a rebound.
12:20 of 3rd period - Sean Couturier wins face-off versus Artem Anisimov in Capitals zone.
12:20 of 3rd period - Sean Couturier is hit by Nick Foligno.
12:26 of 3rd period - Slapshot by Kris Russell.
12:26 of 3rd period - Shot Misses the Net.
12:34 of 3rd period - Nick Foligno is hit by Jay Harrison and loses puck.
13:32 of 3rd period - Off-side.
13:33 of 3rd period - Daniel Briere wins face-off versus Patrice Bergeron in neutral zone.
13:38 of 3rd period - Snap shot by Daniel Briere.
13:38 of 3rd period - Shot Blocked by Mark Fistric.
14:46 of 3rd period - Slapshot by Daniel Briere.
14:46 of 3rd period - Stopped by Henrik Lundqvist without a rebound.
14:47 of 3rd period - Patrice Bergeron wins face-off versus Tyler Seguin in Rangers zone.
15:00 of 3rd period - Snap shot by Milan Lucic.
15:00 of 3rd period - Stopped by Ilya Bryzgalov with a rebound.
15:37 of 3rd period - Bryan Young is hit by Jay Harrison and loses puck.
16:10 of 3rd period - Wrist shot by Milan Lucic.
16:10 of 3rd period - Stopped by Ilya Bryzgalov with a rebound.
16:15 of 3rd period - Icing by Mark Giordano.
16:16 of 3rd period - Valtteri Filppula wins face-off versus Saku Koivu in Capitals zone.
16:53 of 3rd period - Slapshot by Paul Martin.
16:53 of 3rd period - Shot Blocked by Matt Greene.
16:55 of 3rd period - Slapshot by Joffrey Lupul.
16:55 of 3rd period - Shot Misses the Net.
16:57 of 3rd period - Snap shot by Joffrey Lupul.
16:57 of 3rd period - Goal by Joffrey Lupul - Rangers : 4 - Capitals : 6.
16:58 of 3rd period - Patrice Bergeron wins face-off versus Sean Couturier in neutral zone.
17:09 of 3rd period - Snap shot by Milan Lucic.
17:09 of 3rd period - Stopped by Ilya Bryzgalov with a rebound.
17:43 of 3rd period - Minor Penalty to Daniel Briere for Slashing.
17:44 of 3rd period - Jarome Iginla wins face-off versus Patrice Bergeron in Capitals zone.
19:43 of 3rd period - Penalty to Daniel Briere is over, Daniel Briere is back on ice.
Goals for this period are 2 for Rangers vs 1 for Capitals.
Shots for this period are 14 for Rangers vs 7 for Capitals.
Back to the Top